Map: Dusk Towers

Players

IIIIIIIIIIII

  • Race: Terran Terran
  • League: Platinum

IraFunesta - Winner!

  • Race: Protoss Protoss
  • League: Diamond

VOD

Have the link to the VOD?

Description

Time

  • Played on: Nov. 26, 2015, 9:19 a.m.
  • Length: 21:39
Show
View Real Time Build Order
Export as new Build Order

IIIIIIIIIIII Terran 

Build Orders: MMM Bio 

Get SALT Encoding   

  12  0:00  SCV  
  13  0:12  SCV  
  14  0:17  Supply Depot  
  14  0:24  SCV  
  15  0:39  SCV, Barracks  
  16  0:46  Refinery  
  16  0:51  SCV  
  17  1:03  SCV  
  18  1:15  SCV  
  19  1:27  Orbital Command  
  19  1:32  Barracks Reactor  
  19  1:42  Supply Depot  
  19  1:51  Refinery  
  19  1:53  SCV  
  20  2:04  Bunker  
  20  2:05  SCV  
  20  2:08  Marine x2  
  23  2:12  Factory  
  23  2:20  SCV  
  24  2:29  Marine x2  
  26  2:33  SCV  
  27  2:42  Command Center  
  26  2:46  SCV  
  27  2:56  Factory Tech Lab  
  27  2:58  SCV  
  28  2:59  Marine x2  
  28  3:05  Supply Depot  
  30  3:10  SCV  
  31  3:16  Starport  
  35  3:27  SCV, Cyclone  
  35  3:32  Supply Depot  
  35  3:39  SCV, Marine  
  35  3:40  Marine  
  38  3:51  SCV  
  38  3:55  Orbital Command  
  39  4:03  SCV  
  39  4:05  Widow Mine x2  
  39  4:07  Medivac  
  46  4:14  Marine  
  46  4:15  SCV, Stimpack  
  48  4:25  SCV  
  48  4:27  SCV  
  48  4:31  Engineering Bay  
  50  4:32  Marine  
  50  4:33  Widow Mine  
  50  4:34  Widow Mine  
  50  4:37  SCV  
  56  4:39  SCV  
  56  4:45  Supply Depot  
  57  4:46  Supply Depot  
  57  4:49  SCV  
  57  4:50  Marine  
  57  4:51  SCV  
  60  4:57  Missile Turret  
  60  4:59  Missile Turret  
  60  5:01  SCV  
  60  5:03  SCV  
  62  5:10  Terran Infantry Weapons Level 1  
  62  5:14  Factory Reactor, Barracks  
  62  5:16  SCV, Barracks  
  62  5:17  SCV  
  62  5:19  Marine  
  62  5:20  Starport Reactor  
  65  5:27  Refinery  
  66  5:28  SCV  
  66  5:29  SCV  
  66  5:32  Supply Depot  
  66  5:35  Supply Depot  
  67  5:38  Marauder  
  67  5:40  SCV  
  67  5:41  SCV  
  71  5:56  SCV x2  
  73  5:58  Widow Mine x2  
  73  6:03  Marine  
  73  6:04  Barracks Tech Lab, Marine  
  69  6:08  SCV x2  
  71  6:11  Refinery  
  71  6:13  Command Center, Supply Depot  
  71  6:15  Supply Depot  
  71  6:17  Combat Shields, Marauder  
  73  6:24  Concussive Shells, Marauder  
  73  6:25  Missile Turret, Marine  
  72  6:26  Marine  
  72  6:27  SCV  
  72  6:29  SCV  
  72  6:32  Medivac  
  78  6:34  Medivac  
  78  6:39  SCV  
  81  6:41  SCV  
  82  6:49  Marine x2  
  82  6:51  SCV, Marine x2  
  82  6:53  SCV, Barracks  
  88  7:02  Barracks  
  88  7:03  SCV  
  88  7:04  Terran Infantry Armor Level 1  
  88  7:05  SCV, Medivac x2  
  94  7:15  SCV  
  94  7:16  Starport  
  94  7:17  SCV  
  94  7:20  Armory  
  96  7:27  SCV  
  96  7:29  SCV  
  98  7:30  Engineering Bay  
  98  7:32  Supply Depot x2  
  98  7:33  Marauder, Marine x2  
  98  7:34  Marauder  
  104  7:38  Orbital Command  
  104  7:41  SCV x2  
  106  7:47  Barracks Reactor  
  106  7:49  Barracks Tech Lab  
  104  7:51  Marine  
  96  8:02  Marine  
  96  8:03  Marauder x2  
  96  8:04  Medivac x4  
  93  8:09  Marine  
  93  8:10  Marine  
  91  8:15  Orbital Command  
  89  8:20  Marine  
  86  8:27  Marauder x2, Marine x2  
  86  8:28  Marine  
  86  8:32  Missile Turret  
  86  8:33  Widow Mine, Marine  
  92  8:34  SCV x2, Medivac x2  
  92  8:38  Marine  
  99  8:43  Terran Infantry Weapons Level 2  
  99  8:45  Marine x2  
  99  8:46  SCV, Marine  
  99  8:48  Marine x2  
  99  8:50  Marine  
  100  8:56  Marine  
  100  9:01  Widow Mine  
  100  9:02  SCV x3, Marine  
  104  9:03  Marine x2  
  104  9:06  Marine, Terran Infantry Armor Level 2  
  104  9:07  Marine  
  109  9:10  Liberator  
  109  9:11  Refinery  
  109  9:14  SCV x3  
  112  9:19  Marine  
  112  9:20  Marine  
  114  9:25  Refinery, Marine x2  
  114  9:26  SCV x3, Marine  
  114  9:30  Widow Mine  
  125  9:35  Supply Depot x2  
  125  9:37  Supply Depot, Liberator  
  125  9:38  Supply Depot, SCV x3  
  127  9:40  Liberator  
  127  9:42  Command Center  
  127  9:44  Liberator  
  128  9:50  Marine  
  128  9:51  Marine x2  
  128  9:52  Marauder x2  
  137  9:53  Missile Turret x2, Marauder  
  143  10:04  Liberator  
  143  10:06  Supply Depot  
  146  10:10  Barracks  
  146  10:12  Barracks  
  146  10:13  Barracks  
  146  10:15  Supply Depot  
  146  10:16  Marine x3  
  146  10:18  Marauder x3  
  146  10:19  Liberator  
  155  10:23  Liberator  
  158  10:29  Marine  
  158  10:34  Marine x2  
  155  10:40  Marine  
  155  10:41  Marauder x3  
  164  10:46  Marine  
  165  10:52  Supply Depot, Marine x2  
  167  10:58  Marine  
  167  11:02  Marauder x2, Marine  
  167  11:03  Barracks Tech Lab x3  
  173  11:05  Missile Turret  
  173  11:10  Marine  
  173  11:11  Marine x2  
  175  11:13  Refinery, Liberator x2  
  175  11:14  Liberator x2  
  175  11:15  Refinery  
  176  11:20  Marauder  
  176  11:23  Marauder  
  180  11:32  Marauder x2, Marine  
  186  11:46  Marauder x4  
  173  11:52  Planetary Fortress  
  169  11:56  Liberator  
  169  11:57  Missile Turret  
  169  11:58  Command Center  
  169  12:00  Missile Turret  
  169  12:01  Liberator, Marauder x2, Missile Turret, Marine  
  174  12:07  Sensor Tower, Marauder x2  
  178  12:14  Liberator x2  
  178  12:15  Marauder, Marine x3  
  185  12:16  Marauder  
  187  12:39  Marine x2, Marauder x3  
  195  12:50  Marine  
  195  12:51  Marauder x2  
  200  12:53  Terran Infantry Weapons Level 3  
  198  13:00  SCV x4  
  198  13:01  Medivac  
  190  13:12  SCV x3  
  192  13:13  SCV, Marauder x3  
  192  13:14  Marine  
  200  13:25  Starport  
  200  13:28  Factory Tech Lab  
  200  13:30  Fusion Core  
  200  13:43  Liberator  
  200  13:45  Terran Vehicle And Ship Armor Level 1  
  200  13:46  Terran Infantry Armor Level 3  
  200  13:48  Missile Turret  
  200  14:04  Refinery  
  200  14:09  Refinery  
  200  14:21  SCV x2  
  200  14:22  SCV  
  193  14:28  Liberator x4  
  188  14:33  Advanced Ballistics  
  188  14:36  Planetary Fortress  
  188  14:42  Command Center  
  194  14:52  Armory  
  147  15:59  Marauder x2, Marine x2  
  147  16:00  Marauder  
  147  16:02  Marauder x3, Marine x2  
  147  16:03  Medivac x4  
  145  16:11  Battlecruiser  
  145  16:17  Marine x2  
  133  16:19  Marine  
  133  16:20  Marine x2  
  133  16:21  Marauder x2  
  133  16:23  Marine x2  
  139  16:29  SCV x2  
  139  16:30  SCV x2  
  139  16:32  Marine  
  144  16:35  Marine x2  
  144  16:37  Viking x4  
  144  16:39  Supply Depot  
  154  16:41  Terran Vehicle And Ship Armor Level 2  
  154  16:51  Ghost Academy  
  154  17:01  Marauder x3, Marine x4  
  161  17:02  Marauder x3  
  135  17:15  Battlecruiser, Viking  
  135  17:16  Viking  
  135  17:18  Marine  
  135  17:19  Marine  
  135  17:22  Marauder x2  
  133  17:33  Viking x2  
  133  17:34  Marauder, Marine  
  130  17:42  Marauder  
  130  17:43  Marauder  
  126  17:45  Viking  
  126  17:47  Marine  
  126  17:48  Marine x2  
  126  17:50  Viking  
  124  18:10  Marine x4  
  124  18:11  Marine x5  
  117  18:14  Viking x2  
  124  18:20  Battlecruiser  
  124  18:25  Viking x2  
  124  18:34  Marine x4  
  124  18:35  Marauder, Marine x2  
  124  18:36  Marauder x3  
  124  18:40  Terran Vehicle Weapons Level 1  
  138  18:44  Viking  
  140  18:50  Viking  
  140  18:52  Marine x2  
  140  18:53  Marauder x2  
  148  18:58  Viking x2  
  150  19:15  Viking, Marauder  
  145  19:35  Marauder x3  
  145  19:37  Marine  
  138  19:45  Ghost  
  132  19:49  SCV  
  132  19:50  SCV x2  
  132  19:52  Planetary Fortress  
  137  20:02  Ghost  
  139  20:17  Ghost  
  141  20:21  Ghost  
  141  20:28  Marine x3, Liberator  
  143  20:29  Marine x2  
  143  20:32  Liberator  
Show
View Real Time Build Order
Export as new Build Order

IraFunesta Protoss - Winner!

Build Orders: Oracle Opening 

Get SALT Encoding   

  12  0:01  Probe (Chrono Boost)  
  13  0:11  Probe (Chrono Boost)  
  14  0:22  Probe (Chrono Boost)  
  15  0:30  Pylon  
  15  0:48  Probe (Chrono Boost)  
  16  0:53  Gateway  
  16  0:56  Assimilator  
  16  0:57  Assimilator  
  16  0:59  Probe (Chrono Boost)  
  17  1:09  Probe (Chrono Boost)  
  18  1:20  Probe (Chrono Boost)  
  19  1:30  Probe (Chrono Boost)  
  20  1:34  Pylon  
  20  1:40  Cybernetics Core  
  20  1:41  Probe (Chrono Boost)  
  21  1:52  Probe (Chrono Boost)  
  24  2:06  Nexus  
  22  2:13  Probe (Chrono Boost)  
  23  2:24  Mothership Core (Chrono Boost)  
  27  2:37  Adept, Warp Gate  
  27  2:38  Stargate  
  27  2:42  Probe (Chrono Boost)  
  28  2:50  Pylon  
  28  2:53  Probe (Chrono Boost)  
  29  3:03  Probe (Chrono Boost)  
  30  3:14  Probe (Chrono Boost)  
  30  3:15  Pylon  
  30  3:18  Probe (Chrono Boost)  
  32  3:21  Oracle (Chrono Boost)  
  32  3:25  Probe  
  36  3:28  Probe  
  36  3:31  Twilight Council  
  37  3:37  Probe  
  37  3:39  Probe  
  39  3:47  Gateway  
  39  3:50  Gateway, Probe  
  39  3:51  Probe  
  41  4:01  Probe (Chrono Boost)  
  41  4:03  Probe (Chrono Boost)  
  41  4:06  Robotics Facility  
  43  4:13  Probe (Chrono Boost)  
  43  4:15  Probe (Chrono Boost)  
  45  4:23  Probe (Chrono Boost)  
  46  4:25  Probe (Chrono Boost)  
  46  4:28  Phoenix (Chrono Boost)  
  46  4:30  Resonating Glaives (Chrono Boost)  
  46  4:33  Probe  
  46  4:37  Probe  
  48  4:43  Probe, Nexus  
  49  4:50  Pylon  
  49  4:51  Probe  
  50  4:53  Assimilator  
  50  4:55  Assimilator  
  50  4:59  Phoenix  
  52  5:01  Probe  
  52  5:03  Probe  
  54  5:08  Adept  
  54  5:12  Probe  
  57  5:15  Probe  
  58  5:22  Probe  
  58  5:27  Probe  
  58  5:28  Phoenix  
  62  5:33  Pylon  
  62  5:36  Observer  
  62  5:40  Adept x3  
  60  5:58  Probe x2, Immortal  
  60  5:59  Probe  
  65  6:08  Probe x2  
  67  6:11  Probe  
  67  6:18  Phoenix  
  69  6:19  Probe x2  
  69  6:23  Probe  
  72  6:28  Adept  
  72  6:29  Probe x2, Adept x2  
  80  6:35  Probe  
  80  6:37  Immortal  
  85  6:40  Probe x2  
  85  6:43  Phoenix  
  89  6:48  Probe  
  89  6:50  Probe x2  
  92  7:00  Probe  
  92  7:01  Probe x2  
  91  7:04  Assimilator x2  
  91  7:06  Pylon  
  93  7:08  Forge  
  93  7:10  Forge  
  93  7:13  Pylon  
  93  7:19  Pylon  
  93  7:22  Probe x2  
  93  7:24  Probe  
  96  7:32  Adept  
  96  7:33  Adept x2  
  102  7:40  Immortal  
  102  7:41  Protoss Ground Weapons Level 1 (Chrono Boost)  
  102  7:43  Protoss Ground Armor Level 1 (Chrono Boost)  
  88  8:09  Probe  
  88  8:11  Probe  
  90  8:13  Adept x3  
  90  8:18  Gateway  
  96  8:20  Probe  
  96  8:21  Probe, Gateway  
  96  8:22  Gateway  
  96  8:23  Probe  
  96  8:24  Pylon  
  99  8:45  Probe  
  99  8:46  Probe  
  99  8:47  Probe, Nexus  
  99  8:48  Pylon  
  102  8:58  Probe  
  102  9:00  Probe, Adept x3  
  110  9:07  Pylon  
  110  9:08  Pylon  
  114  9:10  Immortal  
  114  9:14  Probe  
  114  9:15  Probe  
  116  9:19  Adept x2  
  116  9:21  Adept x3  
  126  9:27  Protoss Ground Armor Level 2 (Chrono Boost), Protoss Ground Weapons Level 2 (Chrono Boost)  
  126  9:29  Phoenix  
  128  9:32  Charge  
  128  9:38  Robotics Facility  
  128  9:40  Adept x3, Robotics Facility  
  128  9:41  Sentry  
  128  9:42  Sentry x2  
  128  9:43  Stargate  
  140  9:47  Probe  
  140  9:48  Probe x2  
  143  9:54  Phoenix  
  145  10:00  Probe  
  145  10:02  Probe  
  145  10:05  Pylon  
  145  10:07  Adept x6  
  149  10:09  Probe  
  149  10:12  Pylon, Assimilator x2  
  149  10:13  Observer  
  161  10:19  Phoenix  
  161  10:20  Photon Cannon  
  163  10:21  Photon Cannon  
  163  10:23  Pylon  
  163  10:28  Templar Archives  
  159  10:42  Sentry  
  159  10:43  Sentry x2, Adept x2  
  159  10:44  Adept  
  171  10:50  Immortal x3  
  183  10:58  Probe, Robotics Bay  
  183  10:59  Probe  
  183  11:00  Probe  
  186  11:06  Adept  
  188  11:13  Pylon  
  188  11:15  Pylon x2  
  188  11:18  Pylon  
  181  11:50  Nexus  
  181  11:53  Mothership Core, Adept x2  
  181  11:54  Adept x4  
  195  12:06  Gateway x2  
  195  12:08  Gateway  
  195  12:10  Gateway  
  195  12:11  Gateway x2  
  195  12:16  Gateway x2  
  195  12:17  Psionic Storm  
  195  12:23  Gateway  
  195  12:31  Colossus (Chrono Boost), Disruptor x2 (Chrono Boost)  
  195  12:34  Protoss Ground Weapons Level 3  
  195  12:35  Protoss Ground Armor Level 3  
  195  13:04  Fleet Beacon  
  187  13:10  Stargate  
  187  13:11  Disruptor x2 (Chrono Boost)  
  183  13:21  Disruptor (Chrono Boost)  
  183  13:23  Adept x5  
  183  13:24  Adept  
  183  13:25  Adept  
  200  13:38  Stargate  
  200  13:39  Stargate, Protoss Air Weapons Level 1 (Chrono Boost)  
  200  13:40  Pylon  
  200  13:47  Observer Gravitic Boosters  
  200  13:49  Anion Pulse-Crystals  
  200  14:27  Tempest x2 (Chrono Boost)  
  200  14:31  Tempest (Chrono Boost)  
  200  14:32  Tempest x2 (Chrono Boost)  
  198  14:44  Extended Thermal Lance  
  198  14:53  Graviton Catapult  
  198  14:57  Gateway  
  198  14:59  Photon Cannon  
  198  15:00  Photon Cannon  
  198  15:01  Pylon  
  198  15:05  Nexus  
  198  15:08  Assimilator  
  198  15:12  Assimilator  
  188  15:22  Nexus  
  188  15:24  Tempest (Chrono Boost), Assimilator  
  188  15:28  Assimilator  
  200  15:30  Tempest x2 (Chrono Boost)  
  197  15:38  Adept  
  197  15:39  Adept  
  156  15:58  Zealot  
  156  15:59  Zealot x14  
  131  16:14  Zealot  
  117  16:19  Zealot x6  
  117  16:23  High Templar x3  
  117  16:24  High Templar  
  137  16:26  High Templar  
  137  16:27  High Templar  
  137  16:29  High Templar  
  137  16:30  Archon x2  
  137  16:31  Archon  
  143  16:33  High Templar  
  143  16:37  Archon  
  145  16:49  Zealot x6  
  145  16:51  Zealot  
  159  17:00  Observer x2  
  159  17:01  Observer  
  118  17:22  Zealot x9  
  122  17:23  Zealot x3  
  128  17:35  Tempest (Chrono Boost)  
  130  17:41  Tempest (Chrono Boost)  
  116  17:51  Zealot  
  116  17:52  Zealot x9  
  108  18:27  Adept x8  
  110  18:28  Adept x8  
  144  18:37  Tempest (Chrono Boost)  
  144  18:38  Protoss Air Weapons Level 2  
  144  18:48  Zealot x4  
  146  18:49  Sentry, Zealot x4  
  146  18:50  Sentry x2  
  166  19:02  High Templar x2  
  168  19:03  High Templar  
  143  19:25  Stalker x4  
  143  19:26  Stalker x5  
  143  19:27  Zealot x4  
  143  19:45  Adept x3  
  135  19:47  Immortal (Chrono Boost)  
  135  19:48  Immortal (Chrono Boost)  
  135  19:51  Immortal (Chrono Boost)  
  149  20:00  Zealot x3  
  149  20:01  Adept x3  
  149  20:02  Adept  
  149  20:04  High Templar x2  
  149  20:05  High Templar  
  169  20:08  Zealot  
  169  20:11  High Templar  
  173  20:18  High Templar  
  173  20:19  Zealot x3  
  181  20:24  High Templar  
  183  20:42  Zealot  
  183  20:43  Zealot x5  
  183  20:44  Adept x2  
  171  21:23  Archon x2  
  159  21:27  Archon  
Tags
 
Add a new tag
Caveats
  • Supply blocks, unpowered buildings, or Contaminate may cause inaccurate times.
  • Supply counts are checked every 10 seconds.